 Dungeon Sprint DCSS version 0.22.1-2-g9c5b331383 (webtiles) character file.

31800000 Groucho the Formicid Barricade (level 27, 225/249 HPs)
             Began as a Formicid Fighter on Dec 15, 2018.
             Was the Champion of Makhleb.
             Escaped with the Orb!
             The game lasted 00:05:27 (159 turns).

Groucho the Formicid Barricade (Formicid Fighter)    Turns: 159, Time: 00:05:28

Health: 225/249    AC: 13    Str: 22    XL:     27
Magic:  54/54      EV: 31    Int: 11    God:    Makhleb [******]
Gold:   0          SH: 19    Dex: 19    Spells: 80/80 levels left

rFire    . . .     SeeInvis +   l - +โˆž Axe of Woe
rCold    . . .     Gourm    .   c - +0 shield
rNeg     . . .     Faith    .   b - +0 scale mail
rPois    .         Spirit   .   (helmet unavailable)
rElec    .         Reflect  .   (no cloak)
rCorr    .         Harm     .   (no gloves)
MR       ++...                  (no boots)
Stlth    +++.......             (no amulet)
HPRegen  0.51/turn              (no ring)
MPRegen  0.34/turn              (no ring)

@: mildly poisoned (225 -> 221)
A: permanent stasis, dig shafts and tunnels, four strong arms, antennae 3
0: Orb of Zot
a: Dig, Minor Destruction, Lesser Servant of Makhleb, Major Destruction, Greater
Servant of Makhleb, Renounce Religion


You escaped.
You worshipped Makhleb.
Makhleb was exalted by your worship.
You were not hungry.

You visited 1 branch

Inventory:

Hand Weapons
 a - a +0 war axe
 l - the +โˆž Axe of Woe (weapon)
   (You found it in the Dungeon)
Armour
 b - a +0 scale mail (worn)
 c - a +0 shield (worn)
Jewellery
 m - a +200 ring of slaying
 n - a +200 ring of slaying
 o - a +200 ring of slaying
 p - a +200 ring of slaying
 q - a +200 ring of slaying
 r - a +100 ring of slaying
 s - a +100 ring of slaying
Scrolls
 k - a scroll of blinking
Potions
 d - a potion of might
 e - a potion of curing
 g - a potion of heal wounds
 h - a potion of haste
 i - 2 potions of magic
 j - a potion of berserk rage
Comestibles
 f - a ration


   Skills:
 O Level 27 Fighting
 O Level 27 Axes
 O Level 27 Throwing
 O Level 27 Armour
 O Level 27 Dodging
 O Level 27 Stealth
 O Level 27 Shields
 O Level 27 Unarmed Combat
 O Level 27 Spellcasting
 O Level 27 Invocations


You had 80 spell levels left.
You didn't know any spells.
Your spell library was empty.

Dungeon Overview and Level Annotations

Branches:
Dungeon (1/1)

Altars:
Makhleb


Innate Abilities, Weirdness & Mutations

You cannot be hasted, slowed, berserked, paralysed or teleported.
You can dig through walls and to a lower floor.
Your four strong arms can wield two-handed weapons with a shield.
You have a pair of large antennae on your head. (SInv)


Message History

The destroyer blinks!
A bag of meat comes into view. It is wielding a +9 war axe.
You hear a shout!
A bag of meat comes into view. It is wielding a +9 war axe. x2
A meat beast comes into view.
You feel sick. The meat beast barely misses you.
You block the meat beast's attack. The meat beast bites you!
The meat beast completely misses you.
The meat berserker rages.
You hear a shout!
The observer pulsates ominously.
You block the meat beast's attack.
The meat beast tramples you but does no damage.
The destroyer blinks!
You hear a shout! x2
You block the destroyer's attack.
The destroyer bites you but does no damage.
The meat beast moves out of view.
You hear a shout!
You hear a roar!
You have escaped!

S.......... {
So%.....O {
{{#O{.....#{{ .
{{#... ...#{{ ..
.D###.o. SO.###...
....z..###2.%.S...
....%.GV_2)oV.{...
{#))OW2# {{ { {
#_)@p_#


{{{{ {{ o#%V2).# { .{....O._...... { ..ยง.W..###o..... ..###... .L.###. .
{{#...{.D.# {{#o.. {%o# V.... .. V... You could see 4 meat beasts, a tyrant, 2
eight-headed meat hydras, 4 destroyers, an observer (invisible), 2 scourges, a
fleshlord, a sculptor of flesh, a wretched soul (invisible), a dread, 5 meat
berserkers and 6 bags of meat.

Vanquished Creatures
  Dispater (D)
  6 hell knights (D)
  7 hell beasts (D)
  4 greater mummies (D)
  2 great orbs of eyes (D)
  6 wraiths (D)
  Harold (D)
  18 vampire knights (D)
  40 ogres (D)
  4 two-headed ogres (D)
  7 liches (D)
  2 hydras (D)
  80 orcs (D)
  4 phantoms (D)
  2 skeletal warriors (D)
  3 sea snakes (D)
  4 large abominations (D)
  4 ball lightnings (D)
  2 crawling corpses (D)
197 creatures vanquished.

Vanquished Creatures (others)
  10 ball lightnings (D)
10 creatures vanquished.

Grand Total: 207 creatures vanquished

Notes
Turn   | Place    | Note
-------+----------+-------------------------------------------
     0 | D        | Found the +โˆž Axe of Woe
     0 | D        | Groucho the Formicid Fighter began the quest for the Orb.
     0 | D        | Reached XP level 1. HP: 18/18 MP: 1/1
     2 | D        | Noticed a bag of meat
     4 | D        | Became a worshipper of Makhleb the Destroyer
     4 | D        | Noticed a meat berserker
     4 | D        | Noticed a bag of meat
     5 | D        | Noticed a bag of meat
     5 | D        | Noticed a bag of meat
     6 | D        | Noticed a bag of meat
     7 | D        | Killed a meat berserker
     7 | D        | Reached skill level 10 in Axes
     7 | D        | Reached XP level 2. HP: 50/50 MP: 2/2
     7 | D        | Reached XP level 3. HP: 57/57 MP: 3/3
     7 | D        | Reached XP level 4. HP: 64/64 MP: 4/4
     7 | D        | Reached XP level 5. HP: 71/71 MP: 5/5
     7 | D        | Reached XP level 6. HP: 78/78 MP: 6/6
     7 | D        | Reached XP level 7. HP: 84/84 MP: 7/7
     7 | D        | Reached XP level 8. HP: 92/92 MP: 8/8
     7 | D        | Reached XP level 9. HP: 98/98 MP: 9/9
     7 | D        | Reached XP level 10. HP: 106/106 MP: 10/10
     7 | D        | Reached XP level 11. HP: 112/112 MP: 11/11
     7 | D        | Reached XP level 12. HP: 119/119 MP: 12/12
     7 | D        | Reached XP level 13. HP: 126/126 MP: 13/13
     7 | D        | Noticed a bag of meat
     7 | D        | Noticed a bag of meat
     7 | D        | Noticed a bag of meat
     8 | D        | Killed a bag of meat
     8 | D        | Reached * piety under Makhleb
     8 | D        | Reached XP level 14. HP: 116/138 MP: 14/14
     8 | D        | Noticed a bag of meat
     9 | D        | Killed a bag of meat
     9 | D        | Reached XP level 15. HP: 148/148 MP: 15/15
    10 | D        | Reached ** piety under Makhleb
    10 | D        | Reached skill level 15 in Axes
    10 | D        | Reached XP level 16. HP: 161/161 MP: 16/16
    11 | D        | Reached skill level 27 in Shields
    12 | D        | Reached *** piety under Makhleb
    12 | D        | Reached skill level 27 in Fighting
    12 | D        | Reached skill level 27 in Armour
    12 | D        | Reached XP level 17. HP: 173/174 MP: 17/17
    12 | D        | Noticed a meat berserker
    14 | D        | Reached XP level 18. HP: 182/182 MP: 18/18
    14 | D        | Noticed a meat berserker
    15 | D        | Reached **** piety under Makhleb
    15 | D        | Reached skill level 10 in Dodging
    16 | D        | Reached skill level 27 in Axes
    16 | D        | Reached skill level 15 in Dodging
    16 | D        | Noticed a meat berserker
    17 | D        | Killed a meat berserker
    17 | D        | Reached XP level 19. HP: 189/189 MP: 19/19
    19 | D        | Killed a meat berserker
    20 | D        | Noticed a large bag of meat
    20 | D        | Noticed a meat berserker
    20 | D        | Noticed a large bag of meat
    21 | D        | Reached ***** piety under Makhleb
    21 | D        | Reached skill level 27 in Dodging
    21 | D        | Reached XP level 20. HP: 197/197 MP: 19/32
    21 | D        | Noticed a destroyer
    22 | D        | Killed a meat berserker
    22 | D        | Reached skill level 27 in Invocations
    22 | D        | Reached XP level 21. HP: 204/204 MP: 19/38
    22 | D        | Noticed a meat berserker
    23 | D        | Noticed a large bag of meat
    23 | D        | Noticed a meat berserker
    23 | D        | Noticed a meat berserker
    24 | D        | Noticed a meat berserker
    25 | D        | Killed a large bag of meat
    25 | D        | Reached skill level 27 in Unarmed Combat
    26 | D        | Noticed a meat berserker
    27 | D        | Killed a meat berserker
    27 | D        | Reached XP level 22. HP: 212/212 MP: 20/40
    27 | D        | Killed a meat berserker
    27 | D        | Reached ****** piety under Makhleb
    27 | D        | Killed a large bag of meat
    27 | D        | Reached XP level 23. HP: 219/219 MP: 20/47
    29 | D        | Reached skill level 27 in Stealth
    29 | D        | Killed a destroyer
    29 | D        | Reached skill level 27 in Throwing
    29 | D        | Reached skill level 27 in Spellcasting
    29 | D        | Reached XP level 24. HP: 227/227 MP: 20/54
    30 | D        | Killed a large bag of meat
    30 | D        | Reached XP level 25. HP: 234/234 MP: 20/54
    31 | D        | Noticed a destroyer
    31 | D        | Noticed The Servant
    35 | D        | Noticed a destroyer
    35 | D        | Noticed a destroyer
    37 | D        | Noticed a destroyer
    37 | D        | Killed a destroyer
    37 | D        | Reached XP level 26. HP: 242/242 MP: 22/54
    37 | D        | Killed a destroyer
    37 | D        | Killed a destroyer
    37 | D        | Reached XP level 27. HP: 249/249 MP: 22/54
    39 | D        | Killed The Servant
    41 | D        | Noticed a large bag of meat
    41 | D        | Noticed a destroyer
    47 | D        | Noticed a destroyer
    47 | D        | Noticed a tyrant
    50 | D        | Killed a destroyer
    51 | D        | Noticed a destroyer
    52 | D        | Killed a destroyer
    52 | D        | Killed a large bag of meat
    52 | D        | Noticed a destroyer
    53 | D        | Killed a destroyer
    53 | D        | Noticed a destroyer
    55 | D        | Killed a destroyer
    58 | D        | Noticed a dread
    59 | D        | Killed a tyrant
    60 | D        | Noticed an accursed
    60 | D        | Noticed a dread
    60 | D        | Noticed a dread
    61 | D        | Killed a destroyer
    64 | D        | Killed a dread
    66 | D        | Killed a dread
    68 | D        | Noticed a meat beast
    71 | D        | Killed a meat beast
    71 | D        | Killed a destroyer
    71 | D        | Noticed a destroyer
    72 | D        | Noticed a dread
    74 | D        | Killed an accursed
    75 | D        | Killed a dread
    78 | D        | Noticed a destroyer
    79 | D        | Killed a destroyer
    79 | D        | Noticed a meat beast
    80 | D        | Noticed a destroyer
    82 | D        | Killed a destroyer
    82 | D        | Noticed a dread
    82 | D        | Noticed a destroyer
    83 | D        | Killed a meat beast
    83 | D        | Noticed a tyrant
    84 | D        | Noticed a meat beast
    84 | D        | Noticed a dread
    86 | D        | Noticed a tyrant
    87 | D        | Killed a destroyer
    88 | D        | Noticed a large bag of meat
    88 | D        | Noticed an accursed
    89 | D        | Killed a meat beast
    89 | D        | Noticed a meat beast
    91 | D        | Killed a destroyer
    91 | D        | Noticed a tyrant
    93 | D        | Killed a tyrant
    93 | D        | Noticed a meat beast
    93 | D        | Noticed an accursed
    93 | D        | Noticed a tyrant
    94 | D        | Killed a meat beast
    94 | D        | Killed a dread
    95 | D        | Killed a tyrant
    97 | D        | Killed a dread
    98 | D        | Killed a tyrant
   100 | D        | Noticed a meat beast
   100 | D        | Noticed a destroyer
   102 | D        | Noticed a tyrant
   103 | D        | Killed a dread
   103 | D        | Noticed an accursed
   103 | D        | Noticed a tyrant
   105 | D        | Killed a meat beast
   106 | D        | Killed a destroyer
   107 | D        | Killed a meat beast
   109 | D        | Killed a tyrant
   112 | D        | Killed an accursed
   115 | D        | Killed an accursed
   115 | D        | Killed an accursed
   115 | D        | Noticed a destroyer
   119 | D        | Killed a tyrant
   120 | D        | Killed a destroyer
   120 | D        | Noticed a destroyer
   121 | D        | Noticed a fleshlord
   124 | D        | Killed a tyrant
   124 | D        | Noticed a fleshlord
   126 | D        | Noticed a fleshlord
   127 | D        | Killed a destroyer
   128 | D        | Killed a fleshlord
   130 | D        | Killed a fleshlord
   134 | D        | Killed a fleshlord
   136 | D        | Noticed a fleshlord
   136 | D        | Noticed a destroyer
   137 | D        | Noticed a fleshlord
   139 | D        | Noticed a destroyer
   139 | D        | Noticed a meat beast
   141 | D        | Killed a destroyer
   143 | D        | Noticed a fleshlord
   143 | D        | Killed a meat beast
   144 | D        | Noticed a meat beast
   144 | D        | Noticed a fleshlord
   145 | D        | Killed a fleshlord
   147 | D        | Noticed The Meatlord
   149 | D        | Killed a fleshlord
   152 | D        | Noticed a destroyer
   153 | D        | Noticed a destroyer
   153 | D        | Noticed a tyrant
   153 | D        | Noticed a destroyer
   154 | D        | Noticed a meat beast
   154 | D        | Noticed a dread
   154 | D        | Noticed a meat beast
   155 | D        | Killed The Meatlord
   156 | D        | Killed a fleshlord
   156 | D        | Noticed a meat beast
   157 | D        | Got the Orb of Zot
   157 | D        | Noticed a destroyer
   158 | D        | Noticed a meat beast
   159 | D        | Escaped with the Orb!

Skill      XL: |  1  2  3  4  5  6  7  8  9 10 11 12 13 14 15 16 17 18 19 20 21 22 23 |
---------------+----------------------------------------------------------------------+-----
Fighting       | 19 21 22 24 27 | 27.0
Axes           | 10 12 13 15 19 25 27 | 27.0
Armour         | 19 21 22 24 27 | 27.0
Shields        | 21 22 23 25 27 | 27.0
Dodging        | 2 4 22 27 | 27.0
Invocations    | 16 27 | 27.0
Unarmed Combat | 17 27 | 27.0
Throwing       | 14 20 27 | 27.0
Stealth        | 17 25 27 | 27.0
Spellcasting   | 14 20 27 | 27.0

Action                   |  1- 3 |  4- 6 |  7- 9 | 10-12 | 13-15 | 16-18 | 19-21 | 22-24 | 25-27 || total
-------------------------+-------+-------+-------+-------+-------+-------+-------+-------+-------++-------
Melee: Executioner's axe |     1 |       |       |       |     3 |     7 |     6 |     2 |    96 ||   115
 Stab: Distracted        |       |       |       |       |       |       |       |       |     1 ||     1
Armor: Scale mail        |       |       |       |       |       |       |       |       |     7 ||     7
Dodge: Dodged            |       |       |       |       |       |       |       |     1 |    11 ||    12
Block: Shield            |       |       |       |       |       |       |       |       |    13 ||    13
